 Dungeon Crawl Stone Soup version 0.27-a0-1193-g8631133539 (webtiles) character file.

Game seed: 16894155223195369373

73 voltaire321 the Covered (level 4, -11/40 HPs)
             Began as a Minotaur Fighter on May 24, 2021.
             Mangled by an ogre
             ... wielding a +0 giant spiked club
              (27 damage)
             ... on level 3 of the Dungeon on May 25, 2021.
             The game lasted 00:08:01 (1930 turns).

voltaire321 the Covered (Minotaur Fighter)          Turns: 1930, Time: 00:08:02

Health: -11/40     AC:  7    Str: 22    XL:     4   Next: 8%
Magic:  3/3        EV:  8    Int:  5    God:
Gold:   32         SH:  9    Dex:  9    Spells: 3/3 levels left

rFire    . . .     SeeInvis .   a - +0 long sword
rCold    . . .     Faith    .   c - +0 kite shield
rNeg     . . .     Spirit   .   b - +0 scale mail
rPois    .         Reflect  .   (helmet restricted)
rElec    .         Harm     .   (no cloak)
rCorr    .         Rampage  .   (no gloves)
Will     .....                  (no boots)
Stlth    ..........             (no amulet)
HPRegen  0.13/turn              (no ring)
MPRegen  0.08/turn              (no ring)

@: no status effects
A: horns 2, retaliatory headbutt
a: no special abilities


You were on level 3 of the Dungeon.
You visited 1 branch of the dungeon, and saw 3 of its levels.

You collected 65 gold pieces.
You spent 33 gold pieces at shops.

Inventory:

Hand Weapons
 a - a +0 long sword (weapon)
Missiles
 h - 5 javelins (quivered)
Armour
 b - a +0 scale mail (worn)
 c - a +0 kite shield (worn)
Wands
 j - a wand of mindburst (8)
Scrolls
 f - a scroll of enchant armour {unknown}
 g - a scroll of noise {unknown}
Potions
 d - a potion of might
 e - a potion of mutation {unknown}
 i - 3 potions of curing


   Skills:
 + Level 4.2 Fighting
 + Level 3.3 Long Blades
 + Level 4.3 Armour
 + Level 1.0 Dodging
 + Level 4.2 Shields


You had 3 spell levels left.
You didn't know any spells.
Your spell library was empty.

Dungeon Overview and Level Annotations

Branches:
Dungeon (3/15)

Altars:

Shops:
D:2 !


Innate Abilities, Weirdness & Mutations

You have a pair of horns on your head.
You reflexively headbutt those who attack you in melee.


Message History

You hit the goblin. Your headbutt misses the goblin.
The goblin is moderately wounded.
You slash the goblin!
You kill the goblin!
Your Dodging skill increases to level 1!
You miss the goblin.
The goblin is moderately wounded.
You block the goblin's attack. The goblin barely misses you.
You slash the goblin!
You kill the goblin!
The goblin unwields a +0 dagger.
The goblin wields a +0 hunting sling.
The goblin shoots a stone.
You block the stone. The goblin hits you but does no damage.
You closely miss the goblin. The goblin barely misses you.
You barely miss the goblin. You block the goblin's attack.
You closely miss the goblin. Your headbutt misses the goblin.
The goblin hits you with a +0 club. You block the goblin's attack.
You slash the goblin!
You kill the goblin!
The goblin closely misses you. You furiously retaliate!
You headbutt the goblin.
You riposte.
You closely miss the goblin.
The goblin is moderately wounded.
You closely miss the goblin.
The goblin is moderately wounded.
The goblin barely misses you.
You completely miss the goblin.
The goblin is moderately wounded.
The goblin closely misses you. You furiously retaliate!
You headbutt the goblin.
You kill the goblin!
The ogre hits you with a +0 giant spiked club!!
Ouch! That really hurt!
You hit the ogre. Your headbutt misses the ogre.
The ogre is lightly wounded.
You block the ogre's attack.
You hit the ogre.
The ogre is moderately wounded.
The ogre hits you with a +0 giant spiked club!!
Ouch! That really hurt!
You die...

#.######.#
#####.........
#(..#.######.#
#.(.#.###
...#...#
####'####.###
#..gg)......#
#.#O##......#
#.#@##......#
#.#..#......#
#.##.#......#
#.##.#.######
#......#
####.####
#......#
#.#.##.#
#.#.##.#


You could see an ogre and 2 goblins.

Vanquished Creatures
  An adder (D:3)
  2 worms (D:2)
  2 dart slugs
  8 ball pythons
  3 endoplasms (D:2)
  6 hobgoblins
  5 jackals (D:2)
  3 kobolds
  2 bats (D:1)
  3 frilled lizards
  10 goblins
  7 rats
52 creatures vanquished.

Notes
Turn   | Place    | Note
-------+----------+-------------------------------------------
     0 | D:1      | voltaire321 the Minotaur Fighter began the quest for the
                  | Orb.
     0 | D:1      | Reached XP level 1. HP: 19/19 MP: 0/0
   102 | D:1      | Found a faded altar of an unknown god.
   251 | D:1      | Reached XP level 2. HP: 27/27 MP: 1/1
   405 | D:1      | Upgraded the game from 0.27-a0-1191-g601b473118 to
                  | 0.27-a0-1193-g8631133539
  1245 | D:2      | Reached XP level 3. HP: 33/33 MP: 2/2
  1498 | D:2      | Found Xisoab's Distillery.
  1509 | D:2      | Bought a potion of curing for 33 gold pieces
  1912 | D:3      | Noticed an ogre
  1918 | D:3      | Reached XP level 4. HP: 40/40 MP: 3/3
  1921 | D:3      | Reached skill level 1 in Dodging
  1930 | D:3      | Mangled by an ogre

Illustrated notes

Levels and vault maps discovered:
D:1:      lightli_arrival_quake, layout_loops_corners,
          hellmonk_ecumenical_altar_run_dry, chequers_serial_rivers_micro_d
D:2:      layout_loops_ring, serial_shops,
          nicolae_shop_temple_entry_statues_fountains
D:3:      layout_loops_cross, lemuel_tele_altar, minmay_ogre_servants,
          uniq_ijyb, uniq_sigmund

Skill      XL: |  1  2  3  4 |
---------------+-------------+-----
Fighting       | 4 |  4.2
Armour         | 4 |  4.3
Shields        | 4 |  4.2
Long Blades    | 3 |  3.3
Dodging        | 1 |  1.0

Action                   |  1- 3 |  4- 6 || total
-------------------------+-------+-------++-------
Melee: Long sword        |   106 |    12 ||   118
       Headbutt          |    25 |       ||    25
Armor: Scale mail        |    45 |     1 ||    46
Dodge: Dodged            |    36 |     6 ||    42
Block: Kite shield       |    50 |     5 ||    55
       Rpst.: Long sword |     9 |     2 ||    11

Table legend: (Time is in decaauts)
 A = Elapsed time spent in this place.
 B = Non-inter-level travel time spent in this place.
 C = Inter-level travel time spent in this place.
 D = Time resting spent in this place.
 E = Time spent auto-exploring this place.
 F = Levels seen in this place.
 G = Mean time per level.
                   A        B        C        D        E       F      G
               +--------+--------+--------+--------+--------+-----+--------+
         Total |   1987 |   1935 |     52 |      0 |   1543 |   3 |  662.3 |
       Dungeon |   1987 |   1935 |     52 |      0 |   1543 |   3 |  662.3 |
               +--------+--------+--------+--------+--------+-----+--------+

Top non-repeatable levels by time:
     D:1: 964 daAuts
     D:2: 903 daAuts
     D:3: 119 daAuts
